 Dungeon Crawl Stone Soup version 0.29-a0-397-g846e4a0bbc (webtiles) character file.

Game seed: 16639403711394767520

137 oldriver the Skirmisher (level 5, -6/46 HPs)
             Began as a Palentonga Abyssal Knight on May 12, 2022.
             Was a Priest of Lugonu.
             Mangled by Duvessa
             ... wielding a +0 short sword
              (8 damage)
             ... on level 4 of the Dungeon.
             The game lasted 00:03:18 (2823 turns).

oldriver the Skirmisher (Palentonga Abyssal Knight) Turns: 2823, Time: 00:03:19

Health: -6/46      AC: 10    Str: 19    XL:     5   Next: 0%
Magic:  0/6        EV:  7    Int: 10    God:    Lugonu [***...]
Gold:   215        SH:  0    Dex: 10    Spells: 4/4 levels left

rFire   . . .      SeeInvis +   a - +1 hand axe
rCold   + . .      Faith    .   (no shield)
rNeg    . . .      Spirit   +   b - +0 leather armour
rPois   .          Reflect  .   (no helmet)
rElec   .          Harm     .   (no cloak)
rCorr   .          Rampage  .   m - +0 pair of gloves
Will    .....                   k - +0 barding
Stlth   +.........              g - amulet of guardian spirit
HPRegen 0.15/turn               c - ring of flight
MPRegen 0.10/turn               f - ring of protection from cold

@: flying
A: large, rugged brown scales 3, see invisible, deformed body, roll 1, armoured
tail
a: Rolling Charge, Renounce Religion, Depart the Abyss, Bend Space, Banish


You were on level 4 of the Dungeon.
You worshipped Lugonu.
Lugonu was most pleased with you.
You visited 1 branch of the dungeon, and saw 4 of its levels.
You visited the Abyss 1 time.

You collected 215 gold pieces.

Inventory:

Hand Weapons
 a - a +1 hand axe (weapon)
 l - a +1 mace of holy wrath
Armour
 b - a +0 leather armour (worn)
 k - a +0 barding (worn)
 m - a +0 pair of gloves (worn)
Jewellery
 c - a ring of flight (left hand)
 f - a ring of protection from cold (right hand)
 g - an amulet of guardian spirit (around neck)
Wands
 n - a wand of acid (2)
Scrolls
 d - a scroll of acquirement {unknown}
 e - 3 scrolls of identify {unknown}
 i - a scroll of enchant armour {unknown}
 j - 2 scrolls of blinking {unknown}
Potions
 h - a potion of ambrosia {unknown}


   Skills:
 + Level 4.5 Fighting
 + Level 3.9 Axes
 - Level 1.6 Armour
 - Level 0.8 Dodging
 - Level 2.0 Invocations


You had 4 spell levels left.
You didn't know any spells.
Your spell library was empty.

Dungeon Overview and Level Annotations

Branches:
Dungeon (4/15)
 Temple: D:4-7

Altars:
Dithmenos
Kikubaaqudgha

Annotations:
D:4 Dowan, Duvessa


Innate Abilities, Weirdness & Mutations

You are completely covered in rugged brown scales. (AC +3, +7% HP)
You have supernaturally acute eyesight. (SInv)
Armour fits poorly on your strangely shaped body.
You can roll at nearby foes to attack.
You have a long armoured tail.


Message History

Duvessa is heavily wounded.
Duvessa hits you with a +0 short sword. Duvessa hits you but does no damage.
You hit Duvessa.
Duvessa is heavily wounded.
Duvessa hits you but does no damage.
You hit Duvessa but do no damage.
Duvessa is heavily wounded.
Duvessa says, "When magic and the sword combine, nothing stands against them."
Duvessa hits you but does no damage. Duvessa hits you with a +0 short sword.
Dowan mumbles some strange words.
Dowan blinks!
Okay, then.
You hit Duvessa but do no damage.
Duvessa is heavily wounded.
Duvessa hits you with a +0 short sword. Duvessa hits you with a +0 short sword!
You hit Duvessa.
Duvessa is heavily wounded.
Duvessa hits you but does no damage.
You hit Duvessa but do no damage.
Duvessa is heavily wounded.
Duvessa hits you with a +0 short sword! x2
* * * LOW HITPOINT WARNING * * *
Space bends violently around you!
You blink.
The worm blinks!
Duvessa barely misses you.
Unknown command.
You hit Duvessa. You tail-slap Duvessa!
Duvessa is severely wounded.
You hit Dowan but do no damage. Duvessa hits you but does no damage.
Dowan hits you but does no damage.
You barely miss Duvessa.
Duvessa is severely wounded.
You closely miss Dowan.
Duvessa says, "When magic and the sword combine, nothing stands against them."
Duvessa hits you with a +0 short sword.
* * * LOW HITPOINT WARNING * * *
Dowan says, "Stay away from my face!"
Dowan hits you with a +0 dagger.
* * * LOW HITPOINT WARNING * * *
Duvessa hits you with a +0 short sword!
You die...

..............
######.#.####### #
................ .
....##.#.####### .#
....##.#........ .#
....##.###########.#
....##.......†...w.###.#
....###########ee.......
....# #.@....... #####
#......... #.........
#......... ########+# .+
##


You could see Duvessa (fast), Dowan and a worm.

Vanquished Creatures
  A hound (D:4)
  A jelly (D:3)
  A worm (D:2)
  6 orcs (D:3)
  6 bats
  11 endoplasms
  A giant cockroach (D:1)
  2 goblins (D:1)
  5 hobgoblins
  4 kobolds
  5 quokkas
  5 ball pythons
  3 frilled lizards
  7 rats
58 creatures vanquished.

Vanquished Creatures (others)
  5 plants (D:3)
5 creatures vanquished.

Grand Total: 63 creatures vanquished

Notes
Turn   | Place    | Note
-------+----------+-------------------------------------------
     0 | Abyss:1  | oldriver the Palentonga Abyssal Knight began the quest for
                  | the Orb.
     0 | Abyss:1  | Reached XP level 1. HP: 19/19 MP: 2/2
     0 | D:1      | Escaped the Abyss
    76 | D:1      | Reached ** piety under Lugonu
   334 | D:1      | Reached XP level 2. HP: 22/25 MP: 3/3
   503 | D:1      | Found a faded altar of an unknown god.
   727 | D:1      | Reached XP level 3. HP: 27/31 MP: 4/4
  2161 | D:3      | Reached *** piety under Lugonu
  2162 | D:3      | Reached skill level 4 in Fighting
  2162 | D:3      | Reached XP level 4. HP: 34/39 MP: 3/5
  2169 | D:3      | Found an ancient bone altar of Kikubaaqudgha.
  2169 | D:3      | Found a shadowy altar of Dithmenos.
  2806 | D:4      | Noticed Dowan
  2811 | D:4      | Reached XP level 5. HP: 42/46 MP: 6/6
  2811 | D:4      | Noticed Duvessa
  2823 | D:4      | HP: 2/46 [Dowan/+0 dagger (3)]
  2823 | D:4      | Mangled by Duvessa

Illustrated notes

Levels and vault maps discovered:
D:1:      wander_arrival_lonely_grave, layout_loops_ring,
          shapermc_ecumenical_altar_totnotflames, minmay_ruptured
D:2:      layout_basic
D:3:      layout_loops_ring, jmf_multi_god_temple, serial_bayou_lagoon_b
D:4:      layout_basic, okawaru_altar_gauntlet_db, minmay_fountain_box,
          uniq_duvessa

Skill      XL: |  1  2  3 |
---------------+----------+-----
Axes           | 3 |  3.9
Fighting       | 4 |  4.5
Armour         | |  1.6
Dodging        | |  0.8
Invocations    | |  2.0

Action                   |  1- 3 |  4- 6 || total
-------------------------+-------+-------++-------
Melee: Hand axe          |    99 |    36 ||   135
       Tailslap          |     7 |     8 ||    15
       Punch             |       |     1 ||     1
Invok: Depart the Abyss  |     1 |       ||     1
       Bend Space        |       |     1 ||     1
 Abil: Rolling Charge    |    25 |     6 ||    31
Armor: Leather armour    |    22 |    19 ||    41
Dodge: Dodged            |    29 |    13 ||    42

Table legend: (Time is in decaauts)
 A = Elapsed time spent in this place.
 B = Non-inter-level travel time spent in this place.
 C = Inter-level travel time spent in this place.
 D = Time resting spent in this place.
 E = Time spent auto-exploring this place.
 F = Levels seen in this place.
 G = Mean time per level.
                   A        B        C        D        E       F      G
               +--------+--------+--------+--------+--------+-----+--------+
         Total |   2842 |   2662 |    180 |      0 |   2289 |   5 |  568.4 |
       Dungeon |   2842 |   2662 |    180 |      0 |   2289 |   4 |  710.5 |
         Abyss |      0 |      0 |      0 |      0 |      0 |   1 |    0.0 |
               +--------+--------+--------+--------+--------+-----+--------+

Top non-repeatable levels by time:
     D:1: 1078 daAuts
     D:3: 1014 daAuts
     D:2: 595 daAuts
     D:4: 153 daAuts
